 Dungeon Crawl Stone Soup version 0.23-a0-143-g1adec7bb76 (webtiles) character file.

56 Napalmbreeze the Chopper (level 3, 0/31 HPs)
             Began as a Minotaur Gladiator on Sept 4, 2018.
             Slain by an orc warrior
             ... wielding a +0 flail
              (2 damage)
             ... on level 2 of the Dungeon.
             The game lasted 00:01:30 (807 turns).

Napalmbreeze the Chopper (Minotaur Gladiator)        Turns: 807, Time: 00:01:31

Health: 0/31       AC:  8    Str: 18    XL:     3   Next: 71%
Magic:  2/2        EV:  8    Int:  5    God:
Gold:   51         SH:  0    Dex: 12    Spells: 2/2 levels left

rFire    . . .     SeeInvis .   a - +0 war axe
rCold    . . .     Gourm    .   (no shield)
rNeg     . . .     Faith    .   h - +0 chain mail
rPois    .         Spirit   .   c - +0 hat
rElec    .         Reflect  .   (no cloak)
rCorr    .         Harm     +   (no gloves)
MR       .....                  (no boots)
Stlth    ..........             m - amulet of harm
HPRegen  0.10/turn              (no ring)
MPRegen  0.08/turn              (no ring)

@: lethally poisoned (0 -> -1), flying
A: retaliatory headbutt, horns 2
a: no special abilities


You were on level 2 of the Dungeon.
You were not hungry.

You visited 1 branch of the dungeon, and saw 2 of its levels.

You collected 51 gold pieces.

Inventory:

Hand Weapons
 a - a +0 war axe (weapon)
Missiles
 d - 3 throwing nets (quivered)
Armour
 c - a +0 hat (worn)
 h - a +0 chain mail (worn)
Jewellery
 m - an amulet of harm (around neck)
Wands
 q - a wand of disintegration (19)
Scrolls
 b - a scroll of enchant weapon {unknown}
 g - 2 scrolls of identify {unknown}
 i - a scroll of magic mapping {unknown}
 l - a scroll of teleportation {unknown}
 o - a scroll of amnesia {unknown}
Potions
 j - a potion of curing {unknown}
 k - a potion of heal wounds {unknown}
 n - a potion of invisibility {unknown}
Comestibles
 f - 2 rations
 p - 4 chunks of flesh


   Skills:
 + Level 3.1 Fighting
 * Level 4.5 Axes
 - Level 2.0 Throwing
 + Level 1.5 Armour
 + Level 3.7 Dodging


You had 2 spell levels left.
You didn't know any spells.
Your spell library was empty.

Dungeon Overview and Level Annotations

Branches:
Dungeon (2/15)

Altars:


Innate Abilities, Weirdness & Mutations

You reflexively headbutt those who attack you in melee.
You have a pair of horns on your head.


Message History

The orc wizard blinks!
The orc wizard hits you but does no damage.
You are poisoned.
* * * LOW HITPOINT WARNING * * *
You feel sick.
The orc wizard gestures wildly while chanting.
The orc wizard blinks!
* * * LOW HITPOINT WARNING * * *
You feel sick.
* * * LOW HITPOINT WARNING * * *
You feel sick.
* * * LOW HITPOINT WARNING * * *
You feel sick.
* * * LOW HITPOINT WARNING * * *
You feel sick.
There is a stone staircase leading up here.
It was a potion of flight.
You feel very buoyant.
You fly up into the air.
The orc warrior hits you with a flail.
You die...

### #@#
#o# #.#
#.#######
#.o...o.#
#######.#
###.....#
#......##
#....[.#


You could see an orc warrior and an orc.

Vanquished Creatures
  2 oozes
  A dart slug (D:1)
  2 worms (D:2)
  A giant cockroach (D:1)
  4 goblins
  4 hobgoblins (D:1)
  7 jackals (D:1)
  A kobold (D:1)
  7 bats
  5 frilled lizards
  3 rats
37 creatures vanquished.

Vanquished Creatures (others)
  5 toadstools (D:1)
5 creatures vanquished.

Grand Total: 42 creatures vanquished

Notes
Turn   | Place    | Note
-------+----------+-------------------------------------------
     0 | D:1      | Napalmbreeze the Minotaur Gladiator began the quest for the
                  | Orb.
     0 | D:1      | Reached XP level 1. HP: 18/18 MP: 0/0
   214 | D:1      | Reached XP level 2. HP: 25/25 MP: 1/1
   245 | D:1      | Reached skill level 4 in Axes
   247 | D:1      | Reached skill level 1 in Armour
   466 | D:1      | Reached XP level 3. HP: 21/30 MP: 2/2
   760 | D:2      | Noticed an orc warrior
   807 | D:2      | Slain by an orc warrior

Vault maps used:
D:1:      ldierk_walled_garden, minmay_tripent
D:2:      first_ration, grunt_ministairs_9

Skill      XL: |  1  2  3 |
---------------+----------+-----
Axes           | 4 |  4.5
Armour         | 1 |  1.5
Fighting       | 3 |  3.1
Throwing       | |  2.0
Dodging        | |  3.7

Action                   || total
-------------------------++-------
Melee: War axe           ||    76
       Headbutt          ||    10
  Use: Potion            ||     1
Armor: Leather armour    ||     5
       Chain mail        ||    44
Dodge: Dodged            ||    47

Table legend:
 A = Non-vault XP
 B = Vault XP
 C = Vault XP percentage of total XP
 D = Non-vault monster count
 E = Vault monster count
 F = Vault count percentage of total count
                 A         B        C        D         E       F
            +---------+---------+-------+---------+---------+-------
      Total |      70 |      11 |  13.6 |      35 |       2 |   5.4
            +---------+---------+-------+---------+---------+-------
        D:1 |      42 |      11 |  20.8 |      23 |       2 |   8.0
        D:2 |      28 |       0 |   0.0 |      12 |       0 |   0.0
            +---------+---------+-------+---------+---------+-------
